AoeStats
← xd kurisu7166

Arena

505925842Analyzed
1v1 RM · 22d ago on Sep 11, 2026· 96m 41s· 2 players
Game mode
Random Map
Map size
Tiny (2 player)
Population
200
Speed
Normal
Resources
Standard
Victory
Conquest
Starting age
Dark Age
Ending age
Imperial Age
RankedLock teamsTeams togetherTeam positionsShared explorationLock speedFull tech treeHidden civsTurbo modeCheats
Victory
Defeat
🇨🇳 Britons · China
291
+9
🇺🇸 Teutons · United States
133
-9
xd kurisu7166
5:47 Loom
13:55 Feudal Age
16:46 Wheelbarrow
26:12 Castle Age
25:34 Fletching
25:45 Padded Archer Armor
25:46 Scale Mail Armor
25:57 Forging
25:53 Scale Barding Armor
25:49 Double-Bit Axe
25:53 Horse Collar
27:38 Hand Cart
29:50 Heavy Plow
30:07 Bow Saw
30:21 Man-at-Arms
35:03 Long Swordsman
35:33 Gambesons
35:49 Squires
35:35 Arson
40:32 Imperial Age
43:19 Arrowslits
43:26 Guard Tower
44:46 Chemistry
43:53 Bodkin Arrow
44:14 Leather Archer Armor
44:14 Chain Mail Armor
44:20 Chain Barding Armor
44:36 Iron Casting
43:27 Two-Handed Swordsman
47:32 Bombard Tower
47:29 Champion
47:36 Elite Teutonic Knight
56:31 Hoardings
58:28 Two-Man Saw
58:11 Crop Rotation
58:21 Plate Barding Armor
58:47 Blast Furnace
58:18 Plate Mail Armor
58:19 Ring Archer Armor
76:29 Ironclad
92:01 Clinker Construction
92:01 Careening
92:27 Keep
91:58 Siege Engineers
92:04 Fortified Wall
92:05 Masonry
UMMA KHAN
0:53 Loom
11:00 Feudal Age
11:29 Double-Bit Axe
11:26 Horse Collar
11:39 Gold Mining
12:25 Wheelbarrow
19:07 Castle Age
17:24 Scale Mail Armor
17:25 Padded Archer Armor
20:01 Bow Saw
19:54 Heavy Plow
20:32 Gold Shaft Mining
20:18 Hand Cart
20:52 Squires
21:06 Forging
21:39 Pikeman
24:38 Stone Mining
25:40 Fervor
25:34 Town Watch
32:28 Imperial Age
30:58 Town Patrol
31:43 Fletching
31:39 Treadmill Crane
32:39 Fortified Wall
33:20 Chain Mail Armor
33:34 Bodkin Arrow
33:54 Leather Archer Armor
34:33 Iron Casting
34:11 Warwolf
34:16 Herbal Medicine
34:22 Devotion
35:02 Bracer
35:09 Scale Barding Armor
35:39 Yeomen
35:40 Conscription
36:29 Ring Archer Armor
36:30 Plate Mail Armor
36:38 Guilds
37:33 Two-Man Saw
38:06 Blast Furnace
36:31 Halberdier
37:37 Sanctity
37:53 Theocracy
37:43 Illumination
37:34 Block Printing
38:12 Murder Holes
39:18 Chemistry
38:39 Ballistics
39:30 Chain Barding Armor
40:11 Elite Longbowman
42:30 Siege Engineers
42:35 Masonry
42:16 Heated Shot
42:13 Arrowslits
42:19 Guard Tower
44:12 Plate Barding Armor
45:39 Man-at-Arms
46:05 Gambesons
46:05 Arson
48:16 Hoardings
48:27 Architecture
48:07 Sappers
52:02 Keep
51:47 Heavy Scorpion
55:12 Husbandry
54:32 Cavalier
54:34 Light Cavalry
55:54 Onager
55:55 Capped Ram
57:16 Long Swordsman
59:50 Two-Handed Swordsman
59:52 Elite Skirmisher
59:54 Crossbowman
67:26 Champion
85:30 Faith
84:38 Arbalester
Connection lost

Rejoining the realm…

Still unreachable

The connection could not be restored.

Session expired

The server has moved on; the page needs a fresh start.